 Dungeon Crawl Stone Soup version 0.29.1-12-g30fa7ad0bf (webtiles) character file.

Game seed: 1698989452155304053

17415 warriortoast the Skirmisher (level 12, -16/62 HPs)
             Began as a Spriggan Hunter on Dec 14, 2022.
             Was an Elder of Qazlal.
             Demolished by a boulder beetle (37 damage)
             ... on level 1 of the Lair of Beasts.
             The game lasted 00:32:11 (18018 turns).

warriortoast the Skirmisher (Spriggan Hunter)      Turns: 18018, Time: 00:32:12

Health: -16/62     AC:  5    Str:  7    XL:     12   Next: 18%
Magic:  17/17      EV: 33    Int: 11    God:    Qazlal [****..]
Gold:   653        SH:  5    Dex: 23    Spells: 11/11 levels left

rFire   + . .      SeeInvis +   x - +2 shortbow (freeze)
rCold   + . .      Faith    .   (shield currently unavailable)
rNeg    . . .      Spirit   .   s - +2 robe {rC+ rF+}
rPois   +          Reflect  .   (helmet restricted)
rElec   .          Harm     .   E - +0 cloak {rPois}
rCorr   .          Rampage  .   (gloves unavailable)
Will    ++...                   (boots unavailable)
Stlth   ++........              v - amulet of magic regeneration
HPRegen 0.20/turn               u - +4 ring of evasion
MPRegen 0.55/turn               (no ring)

@: repel missiles, very quick
A: very small, no large weapons, unfitting armour, see invisible, speed 3
a: Renounce Religion, Upheaval, Elemental Force


You were on level 1 of the Lair of Beasts.
You worshipped Qazlal.
Qazlal was greatly pleased with you.
You visited 3 branches of the dungeon, and saw 13 of its levels.

You collected 722 gold pieces.
You spent 69 gold pieces at shops.

Inventory:

Hand Weapons
 a - a +0 shortbow
 x - a +2 shortbow of freezing (weapon)
Missiles
 J - a throwing net
Armour
 s - a +2 robe of resistance (worn)
 E - a +0 cloak of poison resistance (worn)
 F - a +0 troll leather armour
 I - the +1 hat of Cheibriados's Scorn {Harm}
   (You found it on level 11 of the Dungeon)

   Harm:      It increases damage dealt and taken.
Jewellery
 q - an amulet of faith
 u - a +4 ring of evasion (left hand)
 v - an amulet of magic regeneration (around neck)
 L - a ring of wizardry
Wands
 p - a wand of polymorph (25)
 B - a wand of flame (15)
 D - a wand of acid (11)
Scrolls
 b - 6 scrolls of immolation
 d - 2 scrolls of silence
 e - a scroll of vulnerability {unknown}
 f - 4 scrolls of blinking {unknown}
 i - 6 scrolls of teleportation
 k - 2 scrolls of identify
 l - 3 scrolls of fear {unknown}
 o - 2 scrolls of fog
 r - a scroll of noise {unknown}
 t - 2 scrolls of enchant armour {unknown}
 y - a scroll of summoning {unknown}
 z - 4 scrolls of amnesia {unknown}
 A - 3 scrolls of poison {unknown}
 K - a scroll of magic mapping {unknown}
Potions
 c - a potion of invisibility
 g - 4 potions of degeneration
 h - 7 potions of curing
 j - 3 potions of flight
 m - 4 potions of lignification
 n - 2 potions of ambrosia
 w - a potion of cancellation
 C - 2 potions of attraction
 G - 2 potions of mutation {unknown}
 H - a potion of berserk rage {unknown}


   Skills:
 + Level 6.9 Fighting
 + Level 14.6 Ranged Weapons
 + Level 12.3 Dodging
 - Level 5.0 Stealth
 + Level 5.5 Invocations
 - Level 5.0 Evocations


You had 11 spell levels left.
You didn't know any spells.
Your spell library contained the following spells:

 Spells                   Type           Power      Damage    Failure   Level
 Beastly Appendage        Tmut           0%         N/A       34%         1
 Wereblood                Tmut           0%         N/A       47%         2
 Spider Form              Tmut/Pois      0%         N/A       71%         3
 Animate Dead             Necr           0%         N/A       98%         4
 Fireball                 Conj/Fire      0%         3d3       100%        5
 Starburst                Conj/Fire      0%         6d3       100%        6
 Haunt                    Necr/Summ      0%         N/A       100%        7
 Malign Gateway           Summ/Tloc      0%         N/A       100%        7
 Ignition                 Fire           0%         3d3       100%        8
 Infestation              Necr           0%         N/A       100%        8
 Summon Horrible Things   Summ           0%         N/A       100%        8


Dungeon Overview and Level Annotations

Branches:
Dungeon (11/15)            Temple (1/1) D:5            Lair (1/5) D:9
    Orc (0/2) D:11

Altars:
Cheibriados
Fedhas
Gozag
Makhleb
Okawaru
Qazlal
Ru
Sif Muna
Trog
Yredelemnul
Zin
The Shining One

Shops:
D:2 !   D:3 *:!((

Portals:
Abyss: D:4

Annotations:
D:8 exclusion: 5 doors
D:11 exclusion: 2 doors


Innate Abilities, Weirdness & Mutations

You are very small and have problems with some larger weapons.
You are too small for most types of armour.
You have supernaturally acute eyesight. (SInv)
You cover ground extremely quickly. (Speed+++)


Message History

You shoot an arrow.
The arrow barely misses the boulder beetle.
The boulder beetle closely misses you.
You shoot an arrow.
The arrow hits the boulder beetle but does no damage.
The boulder beetle is heavily wounded.
The boulder beetle bites you!!
You shoot an arrow. The arrow hits the boulder beetle.
The arrow freezes the boulder beetle.
The boulder beetle is heavily wounded.
The boulder beetle completely misses you.
You shoot an arrow.
The arrow hits the boulder beetle but does no damage.
The boulder beetle is heavily wounded.
You shoot an arrow.
The arrow hits the boulder beetle but does no damage.
The boulder beetle is heavily wounded.
The boulder beetle bites you!!
* * * LOW HITPOINT WARNING * * *
The boulder beetle curls into a ball and begins rolling!
The boulder beetle is engulfed in blazing flames.
The boulder beetle attacks as you move away!
You block the boulder beetle's attack.
The boulder beetle stops rolling and uncurls.
The boulder beetle is engulfed in freezing vapours.
The boulder beetle leaps!
The boulder beetle waves its antennae.
The boulder beetle curls into a ball and begins rolling!
You see here a +0 pair of gloves.
The boulder beetle misses you.
The boulder beetle stops rolling and uncurls.
The bullfrog is engulfed in freezing vapours.
The bullfrog seems to slow down.
The boulder beetle curls into a ball and begins rolling!
Qazlal accepts your kill.
You feel a bit more experienced.
The boulder beetle attacks as you move away!
The boulder beetle hits you!!!
Ouch! That really hurt!
You die...

#.#.........#...####..##.#.#
#.#................#...#.....
#.#....................##....
#..................#...P#....
#..................#.........
#..................#...#....#
#...........#....#†#.#.#.#.#.
#.#.........○................
#.##........@B§..#†#.#.#.#.#.
#..##.......##°○............
#..#.......[##.°○#.#.#.#.#.
#.#.........○#°.°.........
#...<.......F°...#.#.#.#.#
#.#..†....................
#................#.#.#.#.#
#.#.(.................k>..
#...........#....#.#.#.#.#


You could see a boulder beetle (rolling).

Vanquished Creatures
  Harold (D:11)
  A boulder beetle (D:11)
  A hydra (Lair:1)
  A two-headed ogre (D:11)
  The ghost of TheSexyCheese the Blocker, a novice MiFi of Gozag (D:11)
  A skeletal warrior (D:9)
  Pikel (D:5)
  3 deep elf pyromancers
  3 cyclopes (D:11)
  Maurice (D:10)
  2 gargoyles (D:11)
  3 rime drakes
  2 unseen horrors (D:10)
  A komodo dragon (D:9)
  5 trolls
  Sigmund (D:4)
  A shadow (D:9)
  A wraith (D:10)
  A wyvern (D:8)
  The ghost of GigaChad the Shield-Bearer, an amateur MiFi of Hepliaklqana (D:4)
  A vampire (D:9)
  5 yaks (D:9)
  2 steam dragons (D:11)
  A fire elemental (D:11)
  3 vampire mosquitoes (D:10)
  3 small abominations (D:4)
  An acid dragon (D:11)
  4 water moccasins
  3 orc warriors
  3 black bears
  A sky beast (D:6)
  An ice beast (D:8)
  2 ogres (D:6)
  3 wolves (Lair:1)
  2 centaurs
  2 lemures (D:5)
  3 kobold brigands
  2 phantoms (D:5)
  8 bullfrogs
  2 gnoll sergeants
  A scorpion (D:5)
  A necrophage (D:7)
  21 killer bees
  A jelly (D:7)
  10 orc priests
  5 hounds
  6 iguanas
  A gnoll bouda (D:7)
  14 orc wizards
  14 gnolls
  3 adders
  A shadow imp (D:6)
  2 worms
  A dart slug (D:5)
  58 orcs
  7 ball pythons
  4 bats (D:1)
  10 endoplasms
  2 giant cockroaches (D:1)
  8 goblins
  4 hobgoblins
  4 jackals (D:1)
  5 quokkas
  6 frilled lizards
  10 kobolds
  6 rats
289 creatures vanquished.

Vanquished Creatures (others)
  72 plants
72 creatures vanquished.

Grand Total: 361 creatures vanquished

Notes
Turn   | Place    | Note
-------+----------+-------------------------------------------
     0 | D:1      | warriortoast the Spriggan Hunter began the quest for the
                  | Orb.
     0 | D:1      | Reached XP level 1. HP: 10/10 MP: 2/2
   190 | D:1      | Reached XP level 2. HP: 15/15 MP: 3/3
   390 | D:1      | Reached XP level 3. HP: 18/18 MP: 4/4
   444 | D:1      | Found a faded altar of an unknown god.
  1053 | D:2      | Found Qaclet's Distillery.
  1062 | D:2      | Bought a potion of curing for 42 gold pieces
  1296 | D:2      | Reached XP level 4. HP: 23/23 MP: 5/5
  2030 | D:3      | Found Xixor's Assorted Antiques.
  2048 | D:3      | Bought a scroll labelled GETHRA HEBRAYRE for 27 gold pieces
  2151 | D:3      | Found Jeohil's Distillery.
  2205 | D:3      | Found Zugarec's Weapon Emporium.
  2330 | D:3      | Found Fept's Book Emporium.
  2385 | D:3      | Found Riurroaf's Weapon Shoppe.
  2764 | D:4      | You fall into a shaft and drop 1 floor!
  2764 | D:5      | Entered Level 5 of the Dungeon
  2832 | D:5      | Reached XP level 5. HP: 27/27 MP: 6/6
  3082 | D:5      | Found a staircase to the Ecumenical Temple.
  3092 | Temple   | Entered the Ecumenical Temple
  3243 | Temple   | Became a worshipper of Qazlal Stormbringer
  3378 | D:5      | Noticed a phantom
  3387 | D:5      | Killed a phantom
  3469 | D:5      | Found a runed translucent door.
  3481 | D:5      | Noticed a black bear
  3525 | D:5      | Killed a black bear
  3526 | D:5      | Reached skill level 5 in Ranged Weapons
  3526 | D:5      | Reached skill level 5 in Dodging
  3526 | D:5      | Reached skill level 5 in Stealth
  3526 | D:5      | Reached XP level 6. HP: 32/32 MP: 7/7
  4058 | D:5      | Reached XP level 7. HP: 29/36 MP: 8/8
  4178 | D:5      | Noticed Pikel
  4314 | D:5      | Killed Pikel
  4315 | D:5      | Reached skill level 6 in Ranged Weapons
  4315 | D:5      | Reached XP level 8. HP: 42/42 MP: 9/9
  5830 | D:5      | Reached skill level 5 in Fighting
  5955 | D:5      | Reached skill level 7 in Ranged Weapons
  5984 | D:6      | Reached * piety under Qazlal
  6728 | D:4      | Found a transporter.
  6778 | D:4      | Noticed Sigmund
  6798 | D:4      | Killed Sigmund
  7060 | D:4      | Found a one-way gate to the infinite horrors of the Abyss.
  7060 | D:4      | Noticed GigaChad's ghost (amateur MiFi)
  7074 | D:4      | Found a transporter.
  7601 | D:6      | Reached skill level 8 in Ranged Weapons
  7601 | D:6      | Reached XP level 9. HP: 40/47 MP: 10/10
  7656 | D:6      | Found an opulent altar of Gozag.
  8141 | D:6      | Reached skill level 10 in Dodging
  8276 | D:6      | Reached skill level 9 in Ranged Weapons
  8349 | D:6      | Reached ** piety under Qazlal
  9207 | D:7      | Reached skill level 10 in Ranged Weapons
 10272 | D:8      | Noticed a skeletal warrior
 10276 | D:8      | Noticed a deep elf pyromancer
 10344 | D:8      | Reached skill level 11 in Ranged Weapons
 10360 | D:8      | Noticed a boulder beetle
 10566 | D:8      | Noticed a troll
 10829 | D:8      | Killed a troll
 10830 | D:8      | Reached XP level 10. HP: 43/51 MP: 11/11
 11204 | D:8      | Noticed a deep elf pyromancer
 11464 | D:8      | Killed a deep elf pyromancer
 11464 | D:8      | Reached *** piety under Qazlal
 11465 | D:8      | Reached skill level 12 in Ranged Weapons
 12298 | D:9      | Found a staircase to the Lair.
 12347 | D:9      | Reached skill level 13 in Ranged Weapons
 13831 | D:9      | Killed a skeletal warrior
 13832 | D:9      | Reached skill level 1 in Invocations
 13966 | D:8      | Killed a deep elf pyromancer
 14002 | D:10     | Entered Level 10 of the Dungeon
 14048 | D:10     | Noticed Maurice
 14054 | D:10     | Killed Maurice
 14055 | D:10     | Reached XP level 11. HP: 56/56 MP: 13/13
 14137 | D:10     | Found an iron altar of Okawaru.
 14360 | D:10     | Identified the +4 rapier "Goahi" {elec, Int+2 Stlth+}
 15250 | D:11     | Noticed Harold
 15529 | D:11     | Reached skill level 14 in Ranged Weapons
 15651 | D:11     | Found a runed translucent door.
 15651 | D:11     | Noticed TheSexyCheese's ghost (novice MiFi)
 15732 | D:11     | Reached **** piety under Qazlal
 15741 | D:11     | Identified the +1 hat of Cheibriados's Scorn {Harm}
 15758 | D:11     | Noticed a boulder beetle
 15781 | D:11     | Found a staircase to the Orcish Mines.
 16046 | D:11     | Killed a boulder beetle
 16091 | D:11     | Reached skill level 5 in Evocations
 16300 | D:11     | Noticed a two-headed ogre
 16340 | D:11     | Killed a two-headed ogre
 16604 | D:11     | Killed Harold
 16666 | D:11     | Noticed a deep elf pyromancer
 16673 | D:11     | Killed a deep elf pyromancer
 17228 | D:11     | Killed TheSexyCheese's ghost
 17229 | D:11     | Reached skill level 5 in Invocations
 17229 | D:11     | Reached XP level 12. HP: 62/62 MP: 16/16
 17514 | D:4      | Killed GigaChad's ghost
 17820 | Lair:1   | Entered Level 1 of the Lair of Beasts
 17916 | Lair:1   | Noticed a seven-headed hydra
 17935 | Lair:1   | Killed a seven-headed hydra
 17958 | Lair:1   | Noticed a boulder beetle
 18018 | Lair:1   | Demolished by a boulder beetle

Illustrated notes

Levels and vault maps discovered:
D:1:      roderic_dead_forest, layout_loops_cross, ebering_ecumenical_altar_hall
D:2:      layout_basic, serial_shops, nicolae_shop_advertising_works
          [nicolae_subvault_shop_adworks], minmay_misc_feat_enclosed,
          chequers_big_river
D:3:      layout_basic, serial_shops, nicolae_diamond_shop,
          nicolae_shop_temple_entry_statues_fountains, shop, shop,
          nicolae_shop_bloodbath_and_beyond
D:4:      layout_cave_pods, gammafunk_ghost_abyssal_escape, uniq_sigmund
D:5:      minmay_evil_eye, layout_basic, minmay_temple_entry_offerings,
          lightli_church_of_beogh, uniq_pikel
D:6:      layout_loops_ring, grunt_gozag_statues, nicolae_grassy_gnolls
D:7:      layout_loops_ring
D:8:      minmay_diamond_stairs, layout_loops_corners
D:9:      layout_roguey, david_lair_shrubbed, serial_bayou,
          serial_bayou_lagoon_a, serial_bayou_pond_c, serial_bayou_pond_c,
          serial_bayou_crossing, hangedman_decor_diamond_cutter,
          kennysheep_generic_room_4
D:10:     layout_roguey, lemuel_round_altar, kennysheep_generic_room_11,
          uniq_maurice
D:11:     layout_irregular_city, orc_0_dummy, gammafunk_ghost_grave,
          dilly_guarded_unrand_elemental_staff, uniq_harold
Temple:   mainiacjoe_temple_cubbyholes
Lair:1:   cheibrodos_lair_river_kwai, layout_gridlike, st_stairs_11,
          lemuel_fruit_tree

Skill      XL: |  1  2  3  4  5  6  7  8  9 10 11 |
---------------+----------------------------------+-----
Dodging        | 3 4 5 7 9 10 12 | 12.3
Stealth        | 2 3 5 |  5.0
Fighting       | 2 3 4 5 6 |  6.9
Ranged Weapons | 5 6 8 11 13 14 | 14.6
Invocations    | 1 5 |  5.5
Evocations     | 2 5 |  5.0

Action                   |  1- 3 |  4- 6 |  7- 9 | 10-12 || total
-------------------------+-------+-------+-------+-------++-------
 Fire: Shortbow          |   108 |   127 |   619 |   634 ||  1488
Invok: Upheaval          |       |       |     1 |       ||     1
  Use: Scroll            |       |       |     1 |     8 ||     9
       Potion            |       |       |     1 |       ||     1
Armor: Robe              |     5 |     3 |    10 |    11 ||    29
Dodge: Dodged            |    26 |    32 |   293 |   242 ||   593
       Repelled          |       |       |       |     2 ||     2
Block: Other             |       |       |    14 |    34 ||    48
